 Dungeon Crawl Stone Soup version 0.28-a0-1555-g9ae15a6949 (webtiles) character file.

Game seed: 2941324557714261561

6 psuckher the Sneak (level 1, -2/19 HPs)
             Began as a Barachi Delver on Jan 18, 2022.
             Was an Initiate of Ashenzari.
             Slain by a hobgoblin (3 damage)
             ... on level 3 of the Dungeon.
             The game lasted 00:02:11 (260 turns).

psuckher the Sneak (Barachi Delver)                  Turns: 260, Time: 00:02:12

Health: -2/19      AC:  3    Str: 13    XL:     1   Next: 90%
Magic:  1/1        EV: 12    Int: 10    God:    Ashenzari [......]
Gold:   28         SH:  0    Dex: 13    Spells: 0/0 levels left

rFire   . . .      SeeInvis .   a - +0 short sword
rCold   . . .      Faith    .   (no shield)
rNeg    . . .      Spirit   .   b - +0 leather armour
rPois   .          Reflect  .   (no helmet)
rElec   .          Harm     .   (no cloak)
rCorr   .          Rampage  .   (no gloves)
Will    .....                   (no boots)
Stlth   ++........              (no amulet)
HPRegen 0.06/turn               (no ring)
MPRegen 0.07/turn               (no ring)

@: flying, slow
A: amphibious, slowness 1, strong legs 1, +LOS
a: Hop, Renounce Religion


You were on level 3 of the Dungeon.
You worshipped Ashenzari.
Ashenzari was noncommittal.
You visited 1 branch of the dungeon, and saw 3 of its levels.

You collected 28 gold pieces.

Inventory:

Hand Weapons
 a - a +0 short sword (weapon)
Armour
 b - a +0 leather armour (worn)
Wands
 g - a wand of digging (3)
Scrolls
 c - a scroll of fog
 d - a scroll of magic mapping
 h - a scroll of blinking {unknown}
 i - a scroll of amnesia {unknown}
Potions
 f - a potion of haste


   Skills:
 + Level 3.7 Fighting
 + Level 2.3 Short Blades
 + Level 2.4 Dodging
 + Level 4.6 Stealth


You couldn't memorise any spells.
You didn't know any spells.
Your spell library was empty.

Dungeon Overview and Level Annotations

Branches:
Dungeon (5/15)
 Temple: D:4-7

Altars:
Ashenzari


Innate Abilities, Weirdness & Mutations

You are amphibious.
You cover ground slowly.
You can hop short distances.
You have an extended range of vision and can be seen from far away.


Message History

The helpless endoplasm fails to defend itself.
You puncture the endoplasm!
You kill the endoplasm!
The worm bites you.
You barely miss the worm. You hit the worm.
The worm is moderately wounded.
The worm bites you!
* * * LOW HITPOINT WARNING * * *
It was a potion of flight.
You feel very buoyant.
You fly up into the air.
A hobgoblin comes into view.
You barely miss the worm.
The worm is lightly wounded.
You hit the worm but do no damage.
The worm is lightly wounded.
The hobgoblin shouts!
The worm closely misses you.
You hit the worm but do no damage. The worm bites you but does no damage.
You hit the worm but do no damage. You barely miss the worm.
The worm barely misses you.
You hit the worm.
The worm is lightly wounded.
You hit the worm.
The worm is lightly wounded.
The worm misses you.
You hit the worm.
The worm is lightly wounded.
You hit the worm.
The worm is heavily wounded.
The worm misses you.
You barely miss the worm.
The worm is heavily wounded.
The hobgoblin hits you.
* * * LOW HITPOINT WARNING * * *
You hit the worm.
The worm is severely wounded.
The hobgoblin hits you.
You die...

#.# ..# #.# ..# #.# ..###
#.# .... #.# ..##
######.##### #...#
...........#####....##
######.........g#....####
#####.###..@.##..... #.#
##w#....#### #.#
#.......... #.#
#.#.#.##### #.# #......#
#.. .......# ###
##........ ######.### .#


You could see a worm and a hobgoblin.

Vanquished Creatures
  An orc (D:3)
  An endoplasm (D:3)
  A giant cockroach (D:3)
  A bat (D:3)
  A frilled lizard (D:3)
5 creatures vanquished.

Notes
Turn   | Place    | Note
-------+----------+-------------------------------------------
     0 | D:5      | psuckher the Barachi Delver began the quest for the Orb.
     0 | D:5      | Reached XP level 1. HP: 18/18 MP: 1/1
     9 | D:5      | Found a broken altar of Ashenzari.
    25 | D:5      | Became a worshipper of Ashenzari the Shackled
    36 | D:4      | Noticed a scorpion
   260 | D:3      | Slain by a hobgoblin

Illustrated notes

Levels and vault maps discovered:
D:3:      layout_loops_ring, uniq_crazy_yiuf_cottage
D:4:      layout_basic, slow_altar_2
D:5:      layout_loops_ring, cheibrodos_ashenzari_chains, temple_green

Action                   || total
-------------------------++-------
Melee: Short sword       ||    39
  Use: Scroll            ||     1
       Potion            ||     1
 Stab: Sleeping          ||     2
Armor: Leather armour    ||     7
Dodge: Dodged            ||    21

Table legend: (Time is in decaauts)
 A = Elapsed time spent in this place.
 B = Non-inter-level travel time spent in this place.
 C = Inter-level travel time spent in this place.
 D = Time resting spent in this place.
 E = Time spent auto-exploring this place.
 F = Levels seen in this place.
 G = Mean time per level.
                   A        B        C        D        E       F      G
               +--------+--------+--------+--------+--------+-----+--------+
         Total |    300 |    300 |      0 |      0 |      0 |   3 |  100.0 |
       Dungeon |    300 |    300 |      0 |      0 |      0 |   3 |  100.0 |
               +--------+--------+--------+--------+--------+-----+--------+

Top non-repeatable levels by time:
     D:3: 251 daAuts
     D:5: 42 daAuts
     D:4: 6 daAuts
